[ AOE2 MATCH · #481769395 ]
Team RMTeutons vs Franks
[ REPLAY ANALYSIS · EXTRACTED FROM THE RECORDED GAME ]
Feudal
14:17
Castle
26:06
Imperial
46:21
| APM avg | 22.7 |
| APM peak | 75 |
| eAPM avg | 17.4 |
| Villagers / military | 169 / 188 |
Focus
⚔️ 35.9% · 🌾 64.1%
Spearman ×88 · Teutonic Knight ×37 · Knight ×15 · Scorpion ×13 · Scout Cavalry ×9 · Trebuchet (Packed) ×9
Feudal
13:26
Castle
21:57
Imperial
43:49
| APM avg | 18.7 |
| APM peak | 66 |
| eAPM avg | 9.3 |
| Villagers / military | 81 / 114 |
Focus
⚔️ 36.7% · 🌾 63.3%
Knight ×75 · Skirmisher ×31 · Scout Cavalry ×8 · Fishing Ship ×2
Feudal
14:17
Castle
23:22
Imperial
31:14
| APM avg | 40.7 |
| APM peak | 101 |
| eAPM avg | 19.7 |
| Villagers / military | 116 / 300 |
Focus
⚔️ 46.0% · 🌾 54.0%
Woad Raider ×202 · Spearman ×84 · Fishing Ship ×58 · Fire Galley ×5 · Demolition Raft ×5 · Trebuchet (Packed) ×4
Feudal
—
Castle
—
Imperial
—
| APM avg | 21.1 |
| APM peak | 65 |
| eAPM avg | 16.0 |
| Villagers / military | 150 / 147 |
Focus
⚔️ 31.1% · 🌾 68.9%
War Elephant ×47 · Knight ×31 · Archer ×16 · Militia ×16 · Hand Cannoneer ×13 · Spearman ×11
Match map
Initial resources + every placement click. Lines = walls · curves = elevation contours. ◆ gold · ⬟ stone · ● berries · ✦ relic · ◌ wall gap
Your base· ✓ Map-separated
mosesdretg's base· ✓ Map-separated
EL SANTO PADRE EL ORIGINAL's base· ✓ Map-separated
daviabal's base· ✓ Map-separated
Smoothed initial terrain · ◌ = detected wall gap · hover for details
Inputs per minute
— Leon S. Kennedy - - mosesdretg
Build order — Leon S. Kennedy
First 150 of 520 actions detected
| 0:11 | Research | Loom |
| 0:11 | Create | Villager (Male) |
| 0:11 | Create | Villager (Male) |
| 0:12 | Create | Villager (Male) |
| 0:12 | Create | Villager (Male) |
| 0:32 | Build | House |
| 0:32 | Build | House |
| 0:34 | Build | House |
| 2:07 | Create | Villager (Male) |
| 2:07 | Create | Villager (Male) |
| 2:50 | Create | Villager (Male) |
| 2:50 | Create | Villager (Male) |
| 3:28 | Create | Villager (Male) |
| 3:28 | Create | Villager (Male) |
| 3:39 | Create | Villager (Male) |
| 4:18 | Create | Villager (Male) |
| 4:30 | Create | Villager (Male) |
| 4:53 | Create | Villager (Male) |
| 4:54 | Create | Villager (Male) |
| 5:20 | Build | Lumber Camp |
| 5:21 | Create | Villager (Male) |
| 5:22 | Create | Villager (Male) |
| 5:53 | Create | Villager (Male) |
| 6:00 | Create | Villager (Male) |
| 6:01 | Create | Villager (Male) |
| 6:17 | Build | House |
| 6:22 | Create | Villager (Male) |
| 6:23 | Create | Villager (Male) |
| 6:23 | Create | Villager (Male) |
| 6:48 | Build | Mill |
| 7:44 | Build | Mining Camp |
| 8:02 | Build | Farm |
| 8:03 | Build | Farm |
| 8:03 | Build | Farm |
| 8:29 | Build | Farm |
| 8:35 | Create | Villager (Male) |
| 8:36 | Create | Villager (Male) |
| 8:56 | Create | Villager (Male) |
| 8:56 | Create | Villager (Male) |
| 9:15 | Create | Villager (Male) |
| 9:16 | Create | Villager (Male) |
| 9:28 | Build | House |
| 10:02 | Create | Villager (Male) |
| 10:02 | Create | Villager (Male) |
| 10:02 | Create | Villager (Male) |
| 10:03 | Create | Villager (Male) |
| 10:19 | Build | Palisade Wall |
| 11:21 | Build | House |
| 12:07 | Research | Feudal Age |
| 12:22 | Build | Barracks |
| 12:34 | Build | House |
| 12:35 | Build | House |
| 13:56 | Build | House |
| 13:57 | Build | House |
| 13:58 | Build | House |
| 13:59 | Build | House |
| 14:00 | Build | House |
| 14:17 | Age | Feudal Age |
| 14:20 | Research | Bloodlines |
| 14:29 | Build | Stable |
| 14:33 | Create | Villager (Male) |
| 14:33 | Create | Villager (Male) |
| 14:33 | Create | Villager (Male) |
| 14:33 | Create | Villager (Male) |
| 14:34 | Create | Villager (Male) |
| 14:52 | Build | Farm |
| 14:53 | Build | Farm |
| 14:55 | Build | Farm |
| 14:55 | Build | Farm |
| 14:56 | Build | Farm |
| 14:57 | Build | Farm |
| 14:57 | Build | Farm |
| 14:59 | Build | Farm |
| 15:05 | Build | Watch Tower |
| 15:06 | Create | Spearman |
| 15:07 | Create | Spearman |
| 16:09 | Build | Farm |
| 16:10 | Build | Farm |
| 16:30 | Build | Palisade Wall |
| 16:36 | Create | Scout Cavalry |
| 16:37 | Create | Scout Cavalry |
| 16:37 | Create | Scout Cavalry |
| 16:43 | Create | Scout Cavalry |
| 16:43 | Create | Scout Cavalry |
| 17:28 | Create | Spearman |
| 17:28 | Create | Spearman |
| 17:28 | Create | Spearman |
| 17:29 | Create | Spearman |
| 17:43 | Create | Villager (Male) |
| 17:43 | Create | Villager (Male) |
| 17:55 | Build | Farm |
| 18:02 | Build | Blacksmith |
| 18:19 | Create | Scout Cavalry |
| 18:20 | Create | Scout Cavalry |
| 18:20 | Create | Scout Cavalry |
| 18:40 | Create | Scout Cavalry |
| 18:56 | Build | House |
| 18:57 | Build | House |
| 18:58 | Build | House |
| 19:00 | Build | House |
| 19:03 | Create | Villager (Male) |
| 19:03 | Create | Villager (Male) |
| 19:41 | Build | Farm |
| 19:43 | Research | Scale Barding Armor |
| 20:14 | Research | Forging |
| 20:30 | Build | Farm |
| 20:31 | Build | Farm |
| 20:32 | Create | Villager (Male) |
| 20:33 | Create | Villager (Male) |
| 22:02 | Build | Market |
| 23:26 | Research | Castle Age |
| 23:32 | Build | Archery Range |
| 23:38 | Research | Horse Collar |
| 24:06 | Research | Man-at-Arms (upgrade) |
| 24:07 | Research | Arson |
| 24:35 | Build | House |
| 24:37 | Build | House |
| 24:38 | Build | House |
| 24:39 | Build | House |
| 26:06 | Age | Castle Age |
| 26:09 | Create | Knight |
| 26:09 | Create | Knight |
| 26:09 | Create | Knight |
| 26:09 | Create | Knight |
| 26:10 | Create | Knight |
| 26:10 | Create | Knight |
| 26:10 | Create | Knight |
| 26:10 | Create | Knight |
| 26:10 | Create | Knight |
| 26:15 | Research | Gambesons |
| 26:43 | Create | Knight |
| 26:43 | Create | Knight |
| 26:48 | Create | Spearman |
| 26:49 | Create | Spearman |
| 26:57 | Build | Farm |
| 26:58 | Create | Villager (Male) |
| 27:32 | Research | Squires |
| 27:35 | Create | Villager (Male) |
| 27:35 | Create | Villager (Male) |
| 27:44 | Create | Knight |
| 27:44 | Create | Knight |
| 28:36 | Research | Pikeman (upgrade) |
| 28:38 | Create | Spearman |
| 28:38 | Create | Spearman |
| 28:51 | Build | Castle |
| 29:35 | Research | Chain Barding Armor |
| 29:52 | Create | Spearman |
| 29:52 | Create | Spearman |
| 29:53 | Create | Spearman |
| 29:53 | Create | Spearman |
Build order — mosesdretg
First 150 of 306 actions detected
| 0:03 | Create | Villager (Male) |
| 0:03 | Create | Villager (Male) |
| 0:03 | Create | Villager (Male) |
| 0:04 | Create | Villager (Male) |
| 0:10 | Build | House |
| 1:46 | Create | Villager (Male) |
| 2:04 | Create | Villager (Male) |
| 2:10 | Build | House |
| 2:50 | Build | Lumber Camp |
| 2:57 | Create | Villager (Male) |
| 2:57 | Create | Villager (Male) |
| 3:50 | Create | Villager (Male) |
| 4:24 | Build | House |
| 4:38 | Create | Villager (Male) |
| 4:38 | Create | Villager (Male) |
| 5:19 | Create | Villager (Male) |
| 5:43 | Build | Mill |
| 5:47 | Research | Loom |
| 6:15 | Create | Villager (Male) |
| 6:29 | Create | Villager (Male) |
| 6:49 | Build | House |
| 6:55 | Create | Villager (Male) |
| 6:55 | Create | Villager (Male) |
| 7:13 | Create | Villager (Male) |
| 7:34 | Create | Villager (Male) |
| 7:41 | Build | House |
| 7:50 | Create | Villager (Male) |
| 8:10 | Build | Dock |
| 8:22 | Create | Villager (Male) |
| 8:23 | Create | Villager (Male) |
| 8:39 | Build | House |
| 9:14 | Build | House |
| 9:52 | Build | Farm |
| 9:59 | Create | Fishing Ship |
| 10:17 | Create | Villager (Male) |
| 10:36 | Create | Villager (Male) |
| 10:44 | Build | Farm |
| 10:54 | Build | Farm |
| 11:09 | Create | Fishing Ship |
| 11:16 | Research | Feudal Age |
| 11:58 | Build | Mining Camp |
| 12:35 | Create | Villager (Male) |
| 12:54 | Create | Villager (Male) |
| 13:09 | Build | House |
| 13:15 | Create | Villager (Male) |
| 13:16 | Create | Villager (Male) |
| 13:26 | Age | Feudal Age |
| 13:29 | Create | Scout Cavalry |
| 13:36 | Research | Double-Bit Axe |
| 13:54 | Build | Market |
| 13:57 | Create | Scout Cavalry |
| 13:58 | Create | Scout Cavalry |
| 14:07 | Create | Villager (Male) |
| 14:28 | Build | Blacksmith |
| 14:35 | Create | Scout Cavalry |
| 15:11 | Build | Stone Wall |
| 15:22 | Build | Stone Wall |
| 15:25 | Create | Scout Cavalry |
| 15:41 | Create | Scout Cavalry |
| 15:54 | Build | Stone Wall |
| 16:02 | Build | Stone Wall |
| 16:08 | Build | Stone Wall |
| 16:25 | Create | Scout Cavalry |
| 16:26 | Create | Scout Cavalry |
| 16:38 | Build | House |
| 16:49 | Build | Farm |
| 16:51 | Build | Farm |
| 16:52 | Build | Farm |
| 16:57 | Build | Farm |
| 16:58 | Build | Farm |
| 17:04 | Build | House |
| 18:15 | Build | Stone Wall |
| 18:47 | Build | Farm |
| 18:52 | Create | Villager (Male) |
| 18:52 | Create | Villager (Male) |
| 19:10 | Research | Castle Age |
| 19:24 | Build | Stone Wall |
| 19:32 | Build | House |
| 19:47 | Build | Barracks |
| 20:19 | Create | Villager (Male) |
| 20:19 | Create | Villager (Male) |
| 20:41 | Build | Stone Wall |
| 20:56 | Build | Stone Wall |
| 21:17 | Build | Stone Wall |
| 21:38 | Build | Archery Range |
| 21:44 | Create | Villager (Male) |
| 21:44 | Create | Villager (Male) |
| 21:57 | Age | Castle Age |
| 22:00 | Research | Bow Saw |
| 22:18 | Build | Town Center |
| 22:24 | Create | Villager (Male) |
| 22:25 | Create | Villager (Male) |
| 22:40 | Build | Stone Wall |
| 22:51 | Build | Farm |
| 22:56 | Create | Skirmisher |
| 22:56 | Create | Skirmisher |
| 23:26 | Build | Stone Wall |
| 23:57 | Build | Gate |
| 24:10 | Build | Archery Range |
| 24:14 | Research | Scale Barding Armor |
| 24:16 | Research | Fletching |
| 24:36 | Build | Outpost |
| 24:50 | Build | Town Center |
| 24:53 | Create | Villager (Male) |
| 24:53 | Create | Villager (Male) |
| 24:54 | Create | Villager (Male) |
| 25:11 | Create | Knight |
| 25:11 | Create | Knight |
| 25:14 | Create | Skirmisher |
| 25:15 | Create | Skirmisher |
| 25:20 | Create | Villager (Male) |
| 25:20 | Create | Villager (Male) |
| 25:36 | Build | House |
| 25:52 | Create | Knight |
| 25:52 | Create | Knight |
| 26:08 | Create | Villager (Male) |
| 26:09 | Create | Villager (Male) |
| 26:09 | Create | Villager (Male) |
| 26:34 | Build | Farm |
| 26:48 | Build | Farm |
| 26:53 | Build | Farm |
| 27:31 | Research | Elite Skirmisher (upgrade) |
| 27:46 | Build | Lumber Camp |
| 27:50 | Create | Villager (Male) |
| 27:51 | Create | Villager (Male) |
| 27:51 | Create | Villager (Male) |
| 27:51 | Create | Villager (Male) |
| 27:52 | Create | Villager (Male) |
| 28:07 | Build | House |
| 28:36 | Build | Town Center |
| 28:40 | Create | Villager (Male) |
| 28:40 | Create | Villager (Male) |
| 28:40 | Create | Villager (Male) |
| 28:41 | Create | Villager (Male) |
| 28:41 | Create | Villager (Male) |
| 28:48 | Create | Knight |
| 28:48 | Create | Knight |
| 29:01 | Build | Mining Camp |
| 29:06 | Create | Skirmisher |
| 29:07 | Create | Skirmisher |
| 29:07 | Create | Skirmisher |
| 29:45 | Create | Skirmisher |
| 29:45 | Create | Skirmisher |
| 29:45 | Create | Skirmisher |
| 29:54 | Research | Wheelbarrow |
| 30:01 | Build | Farm |
| 30:03 | Build | Farm |
| 30:11 | Build | House |
| 30:12 | Build | House |
| 30:25 | Create | Knight |
Build order — EL SANTO PADRE EL ORIGINAL
First 150 of 614 actions detected
| 0:09 | Create | Villager (Male) |
| 0:10 | Create | Villager (Male) |
| 0:10 | Create | Villager (Male) |
| 0:10 | Create | Villager (Male) |
| 0:10 | Create | Villager (Male) |
| 0:12 | Build | House |
| 0:17 | Build | House |
| 1:31 | Research | Loom |
| 1:40 | Create | Villager (Male) |
| 1:40 | Create | Villager (Male) |
| 2:19 | Create | Villager (Male) |
| 2:48 | Build | Lumber Camp |
| 2:56 | Create | Villager (Male) |
| 2:56 | Create | Villager (Male) |
| 2:56 | Create | Villager (Male) |
| 2:57 | Create | Villager (Male) |
| 3:36 | Build | House |
| 3:38 | Build | House |
| 3:56 | Create | Villager (Male) |
| 3:56 | Create | Villager (Male) |
| 4:16 | Create | Villager (Male) |
| 4:16 | Create | Villager (Male) |
| 4:53 | Create | Villager (Male) |
| 4:54 | Create | Villager (Male) |
| 4:54 | Create | Villager (Male) |
| 4:54 | Create | Villager (Male) |
| 4:55 | Create | Villager (Male) |
| 5:25 | Build | Mill |
| 5:37 | Create | Villager (Male) |
| 5:37 | Create | Villager (Male) |
| 6:04 | Create | Villager (Male) |
| 6:25 | Create | Villager (Male) |
| 6:26 | Create | Villager (Male) |
| 6:38 | Build | Dock |
| 6:48 | Create | Villager (Male) |
| 6:48 | Create | Villager (Male) |
| 7:01 | Create | Villager (Male) |
| 7:01 | Create | Villager (Male) |
| 7:49 | Create | Villager (Male) |
| 7:59 | Build | Barracks |
| 8:14 | Build | Dock |
| 8:46 | Create | Fishing Ship |
| 8:46 | Create | Fishing Ship |
| 8:46 | Create | Fishing Ship |
| 9:10 | Build | House |
| 9:14 | Build | House |
| 9:26 | Build | Farm |
| 9:31 | Build | Farm |
| 9:44 | Build | Farm |
| 10:02 | Build | Farm |
| 10:10 | Build | Farm |
| 10:19 | Build | Farm |
| 10:34 | Build | Farm |
| 10:49 | Create | Fishing Ship |
| 10:49 | Create | Fishing Ship |
| 11:10 | Create | Fishing Ship |
| 11:10 | Create | Fishing Ship |
| 11:39 | Build | Mining Camp |
| 12:07 | Research | Feudal Age |
| 12:22 | Create | Fishing Ship |
| 12:22 | Create | Fishing Ship |
| 12:22 | Create | Fishing Ship |
| 12:27 | Build | House |
| 12:33 | Build | House |
| 12:47 | Create | Fishing Ship |
| 12:48 | Create | Fishing Ship |
| 13:07 | Create | Villager (Male) |
| 13:08 | Create | Villager (Male) |
| 13:08 | Create | Villager (Male) |
| 13:08 | Create | Villager (Male) |
| 13:09 | Create | Villager (Male) |
| 13:17 | Create | Fishing Ship |
| 13:23 | Create | Fishing Ship |
| 13:23 | Create | Fishing Ship |
| 13:44 | Create | Fishing Ship |
| 14:00 | Create | Fishing Ship |
| 14:00 | Create | Fishing Ship |
| 14:14 | Build | House |
| 14:17 | Age | Feudal Age |
| 14:25 | Research | Double-Bit Axe |
| 14:41 | Research | Wheelbarrow |
| 14:43 | Create | Villager (Male) |
| 14:44 | Create | Villager (Male) |
| 14:44 | Create | Villager (Male) |
| 14:45 | Create | Villager (Male) |
| 15:01 | Create | Fishing Ship |
| 15:01 | Create | Fishing Ship |
| 15:21 | Build | House |
| 15:22 | Build | House |
| 15:23 | Build | House |
| 15:27 | Create | Spearman |
| 15:27 | Create | Spearman |
| 15:27 | Create | Spearman |
| 15:27 | Create | Spearman |
| 15:57 | Build | Lumber Camp |
| 16:53 | Build | Lumber Camp |
| 17:03 | Create | Spearman |
| 17:04 | Create | Spearman |
| 17:04 | Create | Spearman |
| 17:04 | Create | Spearman |
| 17:05 | Create | Spearman |
| 17:31 | Build | Watch Tower |
| 17:39 | Create | Spearman |
| 17:39 | Create | Spearman |
| 18:53 | Create | Fire Galley |
| 18:53 | Create | Fire Galley |
| 19:53 | Build | Blacksmith |
| 20:10 | Build | Farm |
| 20:28 | Build | Fish Trap |
| 20:42 | Research | Castle Age |
| 21:01 | Build | Fish Trap |
| 21:04 | Build | House |
| 21:19 | Build | Farm |
| 21:21 | Build | Farm |
| 21:40 | Create | Fire Galley |
| 21:41 | Create | Fire Galley |
| 21:41 | Create | Fire Galley |
| 22:06 | Build | Mining Camp |
| 22:10 | Research | Stone Mining |
| 22:41 | Build | Fish Trap |
| 22:47 | Create | Spearman |
| 22:47 | Create | Spearman |
| 22:48 | Create | Spearman |
| 23:22 | Age | Castle Age |
| 23:28 | Create | Villager (Male) |
| 23:29 | Create | Villager (Male) |
| 23:29 | Create | Villager (Male) |
| 23:29 | Create | Villager (Male) |
| 23:29 | Create | Villager (Male) |
| 23:30 | Create | Villager (Male) |
| 23:30 | Create | Villager (Male) |
| 23:30 | Create | Villager (Male) |
| 23:30 | Create | Villager (Male) |
| 23:32 | Create | Spearman |
| 23:33 | Create | Spearman |
| 23:33 | Create | Spearman |
| 23:58 | Build | Fish Trap |
| 24:00 | Build | Fish Trap |
| 24:41 | Build | Fish Trap |
| 25:13 | Build | Fish Trap |
| 25:54 | Build | Fish Trap |
| 26:00 | Build | Fish Trap |
| 26:40 | Build | Fish Trap |
| 26:50 | Build | Castle |
| 27:40 | Build | Fish Trap |
| 28:01 | Build | Lumber Camp |
| 28:04 | Research | Imperial Age |
| 28:08 | Create | Woad Raider |
| 28:08 | Create | Woad Raider |
| 28:08 | Create | Woad Raider |
Build order — daviabal
First 150 of 443 actions detected
| 0:01 | Create | Villager (Male) |
| 0:02 | Create | Villager (Male) |
| 0:02 | Create | Villager (Male) |
| 0:02 | Create | Villager (Male) |
| 0:02 | Create | Villager (Male) |
| 0:02 | Create | Villager (Male) |
| 0:05 | Build | House |
| 0:17 | Build | House |
| 1:57 | Create | Villager (Male) |
| 1:57 | Create | Villager (Male) |
| 2:19 | Build | Lumber Camp |
| 2:34 | Create | Villager (Male) |
| 2:35 | Create | Villager (Male) |
| 2:35 | Create | Villager (Male) |
| 2:35 | Create | Villager (Male) |
| 2:58 | Create | Villager (Male) |
| 2:58 | Create | Villager (Male) |
| 4:08 | Create | Villager (Male) |
| 4:09 | Create | Villager (Male) |
| 4:38 | Build | House |
| 4:40 | Build | House |
| 4:43 | Create | Villager (Male) |
| 4:43 | Create | Villager (Male) |
| 5:06 | Create | Villager (Male) |
| 5:06 | Create | Villager (Male) |
| 5:14 | Build | Mill |
| 5:38 | Create | Villager (Male) |
| 5:38 | Create | Villager (Male) |
| 5:38 | Create | Villager (Male) |
| 5:39 | Create | Villager (Male) |
| 6:04 | Create | Villager (Male) |
| 6:04 | Create | Villager (Male) |
| 6:32 | Build | Lumber Camp |
| 6:39 | Create | Villager (Male) |
| 6:40 | Create | Villager (Male) |
| 7:16 | Create | Villager (Male) |
| 7:16 | Create | Villager (Male) |
| 7:16 | Create | Villager (Male) |
| 7:51 | Create | Villager (Male) |
| 8:30 | Create | Villager (Male) |
| 8:55 | Create | Villager (Male) |
| 9:02 | Build | Farm |
| 9:12 | Build | House |
| 9:15 | Build | House |
| 9:22 | Build | House |
| 9:48 | Build | Mill |
| 9:54 | Build | Farm |
| 9:55 | Build | Farm |
| 9:56 | Create | Villager (Male) |
| 9:56 | Create | Villager (Male) |
| 10:29 | Create | Villager (Male) |
| 10:38 | Build | Mining Camp |
| 11:30 | Research | Feudal Age |
| 11:35 | Build | Farm |
| 11:37 | Build | Farm |
| 13:22 | Build | Barracks |
| 13:25 | Build | House |
| 13:26 | Build | House |
| 13:29 | Build | House |
| 13:37 | Research | Double-Bit Axe |
| 14:04 | Build | Market |
| 14:10 | Build | Blacksmith |
| 14:17 | Create | Villager (Male) |
| 14:17 | Create | Villager (Male) |
| 14:47 | Build | Lumber Camp |
| 15:01 | Build | Farm |
| 15:03 | Build | Farm |
| 15:07 | Build | Farm |
| 15:14 | Research | Loom |
| 15:25 | Research | Castle Age |
| 15:58 | Research | Horse Collar |
| 16:10 | Build | Mining Camp |
| 16:37 | Research | Town Watch |
| 17:09 | Build | Farm |
| 17:11 | Build | Farm |
| 17:23 | Research | Stone Mining |
| 17:42 | Build | Palisade Wall |
| 18:04 | Research | Bloodlines |
| 18:11 | Build | Town Center |
| 18:19 | Build | Town Center |
| 18:21 | Create | Villager (Male) |
| 18:22 | Create | Villager (Male) |
| 19:20 | Create | Villager (Male) |
| 19:20 | Create | Villager (Male) |
| 19:20 | Create | Villager (Male) |
| 19:21 | Create | Villager (Male) |
| 19:21 | Create | Villager (Male) |
| 19:21 | Create | Villager (Male) |
| 19:32 | Build | Farm |
| 19:33 | Build | Farm |
| 19:44 | Create | Villager (Male) |
| 19:44 | Create | Villager (Male) |
| 19:44 | Create | Villager (Male) |
| 19:51 | Create | Villager (Male) |
| 19:52 | Create | Villager (Male) |
| 20:36 | Create | Knight |
| 20:36 | Create | Knight |
| 20:39 | Create | Villager (Male) |
| 20:40 | Create | Villager (Male) |
| 20:40 | Create | Villager (Male) |
| 20:57 | Build | Farm |
| 20:58 | Build | Farm |
| 21:03 | Build | Farm |
| 21:05 | Build | Mill |
| 21:06 | Build | Farm |
| 21:13 | Build | Farm |
| 21:21 | Create | Spearman |
| 21:22 | Create | Spearman |
| 21:22 | Create | Spearman |
| 21:22 | Create | Spearman |
| 21:31 | Create | Spearman |
| 21:31 | Create | Spearman |
| 21:32 | Create | Spearman |
| 21:44 | Create | Knight |
| 21:44 | Create | Knight |
| 22:22 | Build | Stone Wall |
| 22:32 | Build | Gate |
| 22:47 | Research | Husbandry |
| 22:52 | Create | Villager (Male) |
| 22:52 | Create | Villager (Male) |
| 22:52 | Create | Villager (Male) |
| 22:53 | Create | Villager (Male) |
| 22:58 | Build | Farm |
| 23:02 | Build | Farm |
| 23:18 | Build | Farm |
| 23:21 | Create | Villager (Male) |
| 23:21 | Create | Villager (Male) |
| 23:21 | Create | Villager (Male) |
| 23:22 | Create | Villager (Male) |
| 23:29 | Build | Farm |
| 23:31 | Create | Villager (Male) |
| 23:32 | Create | Villager (Male) |
| 23:32 | Create | Villager (Male) |
| 23:37 | Build | Farm |
| 23:40 | Build | Farm |
| 23:53 | Build | Farm |
| 23:59 | Create | Villager (Male) |
| 24:00 | Create | Villager (Male) |
| 24:00 | Create | Villager (Male) |
| 24:07 | Build | Farm |
| 24:13 | Build | Farm |
| 24:13 | Build | Farm |
| 24:22 | Create | Villager (Male) |
| 24:22 | Create | Villager (Male) |
| 24:45 | Build | Farm |
| 24:56 | Build | Monastery |
| 25:00 | Research | Wheelbarrow |
| 25:03 | Create | Villager (Male) |
| 25:04 | Create | Villager (Male) |
| 25:04 | Create | Villager (Male) |
Match timeline
| 6:38 | EL SANTO PADRE EL ORIGINAL · first_building Dock |
| 7:59 | EL SANTO PADRE EL ORIGINAL · first_building Barracks |
| 8:10 | mosesdretg · first_building Dock |
| 10:19 | Leon S. Kennedy · wall_segment Palisade Wall x6 |
| 12:22 | Leon S. Kennedy · first_building Barracks |
| 13:22 | daviabal · first_building Barracks |
| 13:26 | mosesdretg · age_up feudal |
| 14:17 | EL SANTO PADRE EL ORIGINAL · age_up feudal |
| 14:17 | Leon S. Kennedy · age_up feudal |
| 14:29 | Leon S. Kennedy · first_building Stable |
| 15:11 | mosesdretg · wall_segment Stone Wall x7 |
| 15:22 | mosesdretg · wall_segment Stone Wall x6 |
| 15:54 | mosesdretg · wall_segment Stone Wall x12 |
| 16:02 | mosesdretg · wall_segment Stone Wall x5 |
| 16:08 | mosesdretg · wall_segment Stone Wall x1 |
| 16:30 | Leon S. Kennedy · wall_segment Palisade Wall x9 |
| 17:42 | daviabal · wall_segment Palisade Wall x15 |
| 18:15 | mosesdretg · wall_segment Stone Wall x16 |
| 18:56 | mosesdretg · first_market_buy 100 food |
| 18:59 | mosesdretg · first_market_sell 100 wood |
| 19:24 | mosesdretg · wall_segment Stone Wall x11 |
| 19:47 | mosesdretg · first_building Barracks |
| 20:41 | mosesdretg · wall_segment Stone Wall x9 |
| 20:56 | mosesdretg · wall_segment Stone Wall x5 |
| 21:17 | mosesdretg · wall_segment Stone Wall x5 |
| 21:38 | mosesdretg · first_building Archery Range |
| 21:57 | mosesdretg · age_up castle |
| 22:22 | daviabal · wall_segment Stone Wall x12 |
| 22:40 | mosesdretg · wall_segment Stone Wall x4 |
| 23:22 | EL SANTO PADRE EL ORIGINAL · age_up castle |
| 23:26 | mosesdretg · wall_segment Stone Wall x1 |
| 23:32 | Leon S. Kennedy · first_building Archery Range |
| 24:56 | daviabal · first_building Monastery |
| 25:07 | daviabal · first_market_buy 100 food |
| 26:06 | Leon S. Kennedy · age_up castle |
| 26:50 | EL SANTO PADRE EL ORIGINAL · first_building Castle |
| 27:16 | daviabal · wall_segment Stone Wall x15 |
| 28:51 | Leon S. Kennedy · first_building Castle |
| 29:37 | daviabal · first_building Stable |
| 31:14 | EL SANTO PADRE EL ORIGINAL · age_up imperial |
| 31:48 | mosesdretg · first_building Castle |
| 32:46 | EL SANTO PADRE EL ORIGINAL · first_building Siege Workshop |
| 33:26 | daviabal · first_market_sell 100 food |
| 34:18 | mosesdretg · first_building Stable |
| 35:21 | Leon S. Kennedy · first_building Siege Workshop |
| 35:53 | daviabal · first_building Castle |
| 36:05 | mosesdretg · wall_segment Stone Wall x7 |
| 36:23 | Leon S. Kennedy · first_market_buy 100 stone |
| 37:05 | Leon S. Kennedy · first_building Monastery |
| 39:45 | daviabal · wall_segment Stone Wall x6 |
| 39:53 | daviabal · wall_segment Stone Wall x10 |
| 43:49 | mosesdretg · age_up imperial |
| 46:21 | Leon S. Kennedy · age_up imperial |
| 53:43 | mosesdretg · resign |
| 55:10 | daviabal · first_building Archery Range |
[ AI ANALYSIS · 1 CREDIT ]
What really happened in this match?
Wolo.gg analyzes every decision: build order, eco, micro, common mistakes by bracket. Personalized analysis on WhatsApp or Discord in 30 seconds.
Civ guide
Teutons
Map guide
MegaRandom
Perfil
EL_PUERCO_REDENTOR